 Dungeon Crawl Stone Soup version 0.23.1 (webtiles) character file.

Game seed: 334036152393176217

37 Descartes the Grasshopper (level 3, 0/18 HPs)
             Began as a Vine Stalker Warper on Mar 10, 2019.
             Succumbed to an adder's poison
             ... on level 2 of the Dungeon.
             The game lasted 00:03:14 (971 turns).

Descartes the Grasshopper (Vine Stalker Warper)      Turns: 971, Time: 00:03:15

Health: 0/18       AC:  3    Str: 11 (13) XL:     3   Next: 39%
Magic:  6/7        EV: 11    Int: 10 (13) God:
Gold:   36         SH:  6    Dex: 13 (14) Spells: 4/6 levels left

rFire    . . .     SeeInvis .     - Unarmed
rCold    . . .     Gourm    .   e - +2 buckler {rN+}
rNeg     + . .     Faith    .   a - +0 leather armour
rPois    .         Spirit   +   (no helmet)
rElec    .         Reflect  .   (no cloak)
rCorr    .         Harm     .   (no gloves)
MR       .....                  (no boots)
Stlth    +.........             (no amulet)
HPRegen  0.06/turn              (no ring)
MPRegen  0.10/turn              (no ring)

@: lethally poisoned (0 -> -3)
A: fangs 2, magic shield, antimagic bite, no potion heal 3, rot immunity
a: no special abilities


You were on level 2 of the Dungeon.
You were hungry.

You visited 1 branch of the dungeon, and saw 2 of its levels.

You collected 36 gold pieces.

Inventory:

Hand Weapons
 j - a +0 dagger
Missiles
 b - 3 stones
 d - 5 tomahawks of dispersal (quivered)
Armour
 a - a +0 leather armour (worn)
 e - a +2 buckler of positive energy (worn)
Jewellery
 h - an uncursed ring of flight {unknown}
Scrolls
 c - a scroll of blinking
 g - a scroll of remove curse {unknown}
 k - 2 scrolls of teleportation {unknown}
Comestibles
 f - 3 rations
 l - 2 chunks of flesh


   Skills:
 + Level 2.0 Fighting
 - Level 0.8 Throwing
 - Level 0.7 Armour
 + Level 1.8 Dodging
 * Level 1.2 Shields
 * Level 2.5 Unarmed Combat
 + Level 2.4 Spellcasting
 * Level 3.0 Translocations


You had 4 spell levels left.
You knew the following spells:

 Your Spells              Type           Power        Failure   Level  Hunger
a - Blink                 Tloc           N/A          26%         2    ###....

Your spell library contained the following spells:

 Spells                   Type           Power        Failure   Level  Hunger
 Shroud of Golubria       Chrm/Tloc      #.........   43%         2    ###....
 Gell's Gravitas          Tloc           #.........   45%         3    ####...
 Lesser Beckoning         Tloc           #.........   45%         3    ####...
 Teleport Other           Tloc           #.......     45%         3    ####...
 Passage of Golubria      Tloc           N/A          86%         4    #####..


Dungeon Overview and Level Annotations

Branches:
Dungeon (2/15)

Altars:


Innate Abilities, Weirdness & Mutations

You have extremely sharp teeth.
When hurt, damage is shared between your health and your magic reserves.
Your bite disrupts and absorbs the magic of your enemies.
Potions cannot restore your health.
You are immune to rotting.


Message History

You see here an adder corpse.
You are feeling hungry.
You see here an adder corpse.
You butcher the adder corpse.
Things that are here:
2 chunks of flesh; an adder skeleton What are your orders? t - Shout!
Orders for allies: a - Attack new target. r - Retreat! s - Stop attacking. g - Guard the area. f - Follow me.
Anything else - Cancel.
Guard this area!
* * * LOW HITPOINT WARNING * * *
You feel sick.
l - 2 chunks of flesh It was a potion of degeneration.
There was something very wrong with that liquid.
You feel weakened.
You feel dopey.
You feel clumsy.
You die...

## ...
....############# #
[...............#..
.................#
........÷.@..=...#
...)######....##.#
. #.##.# #.##.#
+..#.#### #.......#
#.###.#.#######
#..........†..#
+...........#.#


There were no monsters in sight!

Vanquished Creatures
  An adder (D:2)
  2 leopard geckos (D:1)
  2 giant cockroaches (D:1)
  2 goblins (D:1)
  5 hobgoblins (D:1)
  2 kobolds
  5 bats (D:1)
  A frilled lizard (D:1)
  3 rats
23 creatures vanquished.

Notes
Turn   | Place    | Note
-------+----------+-------------------------------------------
     0 | D:1      | Descartes the Vine Stalker Warper began the quest for the
                  | Orb.
     0 | D:1      | Reached XP level 1. HP: 11/11 MP: 4/4
   110 | D:1      | Reached XP level 2. HP: 15/15 MP: 6/6
   612 | D:1      | Reached skill level 1 in Shields
   612 | D:1      | Reached XP level 3. HP: 17/18 MP: 5/7
   887 | D:2      | Learned a level 2 spell: Blink
   971 | D:2      | Succumbed to an adder's poison

Skill      XL: |  1  2 |
---------------+-------+-----
Fighting       | 2 |  2.0
Shields        | 1 |  1.2
Throwing       | |  0.8
Armour         | |  0.7
Dodging        | |  1.8
Unarmed Combat | |  2.5
Spellcasting   | |  2.4
Translocations | |  3.0

Action                   || total
-------------------------++-------
Melee: Unarmed           ||   131
       Bite              ||    31
  Use: Potion            ||     1
Armor: Leather armour    ||    34
Dodge: Dodged            ||    97
Block: Buckler           ||    43
